 Dungeon Crawl Stone Soup version 0.29-a0-1009-g60c99734e7 (webtiles) character file.

Game seed: 10707353339614438706

93407 2tc the Warrior (level 16, -1/121 (152) HPs)
             Began as a Hill Orc Monk on Aug 8, 2022.
             Was the Champion of Qazlal.
             Slain by a spectral fenstrider witch (5 damage)
             ... called from beyond by a ghost crab
             ... on level 1 of the Swamp.
             The game lasted 01:35:50 (20798 turns).

2tc the Warrior (Hill Orc Monk)                    Turns: 20798, Time: 01:35:51

HP:   -1/121 (152)  AC: 18    Str: 28    XL:     16   Next: 8%
MP:   27/27         EV: 14    Int: 14    God:    Qazlal [******]
Gold: 96            SH: 20    Dex: 15    Spells: 17/19 levels left

rFire   . . .      SeeInvis .   Q - +4 war axe "Nacaisysm" {spect, Fly Str+4 Int-2}
rCold   . . .      Faith    .   o - +0 buckler
rNeg    . . .      Spirit   .   g - +4 troll leather armour {Pargi}
rPois   +          Reflect  +   (no helmet)
rElec   +          Harm     .   A - +1 cloak
rCorr   .          Rampage  .   n - +1 pair of gloves of Defiance {rElec Int+4}
Will    ++...                   I - +0 pair of boots
Stlth   +.........              U - amulet of reflection
HPRegen 1.10/turn               p - ring of willpower
MPRegen 0.20/turn               V - ring of Lies {+Blink rPois Str+6}

@: about to teleport, protected from physical damage, flying, heavily drained,
repel missiles
A: no striking features
a: Renounce Religion, Evoke Blink, Upheaval, Elemental Force, Disaster Area


You were on level 1 of the Swamp.
You worshipped Qazlal.
Qazlal was exalted by your worship.
You visited 4 branches of the dungeon, and saw 20 of its levels.
You also visited: Sewer and Volcano.

You collected 1479 gold pieces.
You spent 1383 gold pieces at shops.

Inventory:

Hand Weapons
 a - a +1 hand axe of protection
 y - the +7 hammer "Goafeyb" {vorpal, *Noise Fly rF++ rCorr}
   (You found it on level 4 of the Dungeon)

   It inflicts extra damage upon your enemies.
   rF:        It greatly protects you from fire.
   Fly:       It grants you flight.
   *Noise:    It may make noises in combat.
   rCorr:     It protects you from acid and corrosion.
 M - a +1 hand axe of electrocution
 N - a +3 vorpal broad axe
 Q - the +4 war axe "Nacaisysm" (weapon) {spect, Fly Str+4 Int-2}
   (You found it on level 10 of the Dungeon)

   When its wielder attacks, the weapon's spirit leaps out and strikes again.
   The spirit shares a part of any damage it takes with its wielder.
   Str:       It affects your strength (+4).
   Int:       It affects your intelligence (-2).
   Fly:       It grants you flight.
Missiles
 d - 79 poisoned darts (quivered)
 E - 2 throwing nets
Armour
 b - a +0 robe
 e - a +0 leather armour
 g - a +4 troll leather armour (worn) {Pargi}
 n - the +1 pair of gloves of Defiance (worn) {rElec Int+4}
   (You found it on level 3 of the Dungeon)

   Int:       It affects your intelligence (+4).
   rElec:     It insulates you from electricity.
 o - a +0 buckler (worn)
 q - an orb of mayhem
 A - a +1 cloak (worn)
 I - a +0 pair of boots (worn)
 J - +0 acid dragon scales
 O - the +2 pair of gloves of Vitosab {rN+ Str+4 Dex-2}
   (You found it on level 9 of the Dungeon)

   Str:       It affects your strength (+4).
   Dex:       It affects your dexterity (-2).
   rN:        It protects you from negative energy.
 W - a +4 plate armour of willpower
Jewellery
 p - a ring of willpower (left hand)
 t - a +4 ring of evasion
 B - a ring of resist corrosion
 D - a +4 ring of evasion
 K - a ring of see invisible
 S - a ring of ice
 U - an amulet of reflection (around neck)
 V - the ring of Lies (right hand) {+Blink rPois Str+6}
   (You bought it in a shop on level 2 of the Orcish Mines)

   [ring of strength]

   Str:       It affects your strength (+6).
   rPois:     It protects you from poison.
   +Blink:    It lets you blink.
Wands
 w - a wand of charming (13)
 F - a wand of flame (19)
 H - a wand of polymorph (1)
Scrolls
 l - 6 scrolls of teleportation
 v - a scroll of poison
 x - 2 scrolls of magic mapping
 C - 3 scrolls of butterflies
 G - 2 scrolls of fear
 L - 15 scrolls of identify
 P - a scroll of blinking
 R - 2 scrolls of amnesia
 T - a scroll of silence
Potions
 c - 2 potions of ambrosia
 f - 4 potions of heal wounds
 h - 4 potions of mutation
 i - 7 potions of curing
 j - 3 potions of attraction
 k - 4 potions of cancellation
 m - a potion of resistance
 r - 4 potions of flight
 s - 5 potions of lignification
 u - 7 potions of brilliance
 z - 4 potions of might


   Skills:
 + Level 16.5 Fighting
 - Level 16.0 Axes
 - Level 9.0 Armour
 - Level 6.0 Dodging
 - Level 1.5 Stealth
 - Level 12.0 Shields
 - Level 2.0 Spellcasting
 - Level 7.7 Transmutations
 - Level 15.0 Invocations
 - Level 10.0 Evocations


You had 17 spell levels left.
You knew the following spells:

 Your Spells              Type           Power      Damage    Failure   Level
a - Wereblood             Tmut           23%        N/A       1%          2

Your spell library contained the following spells:

 Spells                   Type           Power      Damage    Failure   Level
 Beastly Appendage        Tmut           46%        N/A       1%          1
 Spider Form              Tmut/Pois      12%        N/A       19%         3
 Summon Small Mammal      Summ           4%         N/A       30%         1
 Ignite Poison            Fire/Tmut/Pois 8%         N/A       32%         3
 Blink                    Tloc           2%         N/A       43%         2
 Poisonous Vapours        Pois/Air       2%         N/A       43%         2
 Sublimation of Blood     Necr           1%         N/A       43%         2
 Ice Form                 Ice/Tmut       12%        N/A       54%         4
 Petrify                  Tmut/Erth      12%        N/A       54%         4
 Call Canine Familiar     Summ           1%         N/A       67%         3
 Conjure Flame            Conj/Fire      1%         6-21      67%         3
 Frozen Ramparts          Ice            2%         1d1       67%         3
 Gell's Gravitas          Tloc           1%         N/A       67%         3
 Ozocubu's Armour         Ice            1%         N/A       67%         3
 Portal Projectile        Hex/Tloc       2%         N/A       67%         3
 Summon Guardian Golem    Hex/Summ       1%         N/A       67%         3
 Teleport Other           Tloc           1%         N/A       67%         3
 Irradiate                Conj/Tmut      6%         3d13      87%         5
 Corpse Rot               Necr/Pois/Air  1%         N/A       97%         4
 Leda's Liquefaction      Hex/Erth       0%         N/A       97%         4
 Sticky Flame             Conj/Fire      1%         2d3       97%         4
 Summon Ice Beast         Ice/Summ       1%         N/A       97%         4
 Lee's Rapid Deconstruct  Erth           0%         3d5*      100%        5
 Manifold Assault         Tloc           1%         N/A       100%        5
 Dispersal                Tloc           0%         N/A       100%        6
 Statue Form              Tmut/Erth      8%         N/A       100%        6
 Ozocubu's Refrigeration  Ice            0%         4d7       100%        7
 Storm Form               Tmut/Air       6%         N/A       100%        7


Dungeon Overview and Level Annotations

Branches:
Dungeon (12/15)            Temple (0/1) D:6            Lair (5/5) D:8
  Swamp (1/4) Lair:3        Snake (0/4) Lair:3        Slime (0/5) Lair:4
    Orc (2/2) D:12            Elf (0/3) Orc:2         Sewer (visited)
Volcano (visited)

Altars:
Kikubaaqudgha
Qazlal
Xom
Zin
Beogh
Jiyva

Shops:
D:4 (   D:6 !   D:9 :   Orc:2 ==!?

Portals:
Trove: D:11 (give 11 potions of heal wounds)

Annotations:
D:4 1 runed translucent door, Crazy Yiuf
Lair:2 exclusion: oklob plant
Orc:1 3 runed translucent doors, Finitzuc's ghost, journeyman TrCK


Message History

The ghost crab breathes spectral mist at you.
The spectral mist engulfs you but does no damage.
The spectral fenstrider witch hits you but does no damage.
You block the spectral fenstrider witch's attack.
The spectral fenstrider witch hits you.
The spectral fenstrider witch kicks you!
You feel drained.
Unknown command.
You feel much better.
The spectral fenstrider witch is engulfed in freezing vapours.
The spectral fenstrider witch hits you but does no damage.
You block the spectral fenstrider witch's attack.
The spectral fenstrider witch hits you!
You feel drained.
The spectral fenstrider witch kicks you!
You feel drained.
You block the spectral fenstrider witch's attack. x2
The spectral fenstrider witch hits you!
* * * LOW HITPOINT WARNING * * *
You block the spectral fenstrider witch's attack.
The spectral seven-headed hydra bites you but does no damage. x2
The spectral seven-headed hydra bites you.
* * * LOW HITPOINT WARNING * * *
You feel drained.
The spectral seven-headed hydra barely misses you.
The spectral seven-headed hydra bites you.
* * * LOW HITPOINT WARNING * * *
You feel drained.
* * * LOW HITPOINT WARNING * * *
The spectral seven-headed hydra bites you.
* * * LOW HITPOINT WARNING * * *
The spectral seven-headed hydra closely misses you.
The spectral fenstrider witch is engulfed in freezing vapours.
The spectral fenstrider witch barely misses you.
The spectral fenstrider witch kicks you!
* * * LOW HITPOINT WARNING * * *
The ghost crab breathes spectral mist at you.
The spectral mist engulfs you but does no damage.
The spectral fenstrider witch barely misses you.
The spectral fenstrider witch kicks you.
You die...

♣♣♣ ♣~♣♣ §~~♣♣♣
♣♣☼.♣.♣♣
♣§°☼~~~♣♣♣
♣♣§°°°~...♣
♣..♣♣§ZZ§~~§~..
♣..~§☼Z@Z§~....
♣♣~.§§°Zt°..~~♣
♣?~...☼.§.~.~§~
♣♣~~~~.§..~.~$~
♣[...~.~.~~~~§~
~~~.♣~♣~..$~>..
♣~§~~.~..~..~~♣
....~§§~.§~§~§§


You could see a ghost crab, a spectral seven-headed hydra (summoned) and 4
spectral fenstrider witches.

Vanquished Creatures
  Rupert (Lair:5)
  Kirke (Lair:5)
  An orc warlord (Orc:2)
  A bunyip (Lair:3)
  The ghost of Voker57 the Destroyer, a journeyman DsGl of Nemelex Xobeh (Lair:4)
  12 hydras
  Fannar (Lair:3)
  2 boulder beetles (D:11)
  3 catoblepae
  A radroach (Lair:5)
  A centaur warrior (D:12)
  4 two-headed ogres
  11 death yaks
  An alligator (Lair:3)
  4 orc high priests (Orc:2)
  Sonja (Orc:2)
  5 orc knights
  Pikel (D:8)
  4 ugly things
  4 orc sorcerers (Orc:2)
  2 salamanders (Volcano)
  A cyclops (D:12)
  A slime creature (Lair:4)
  4 manticores
  2 will-o-the-wisps (Lair:3)
  26 elephants
  11 black mambas
  2 gargoyles
  11 cane toads
  A kobold demonologist (D:9)
  2 unseen horrors (D:12)
  Psyche (D:8)
  8 rime drakes
  10 komodo dragons
  2 polar bears (Lair:5)
  3 trolls
  Grinder (D:4)
  20 blink frogs
  Prince Ribbit (D:8)
  3 shadows
  10 wyverns
  4 hogs (Lair:5)
  2 fire bats (Volcano)
  47 yaks
  5 basilisks
  6 vampire mosquitoes
  2 wargs
  5 swamp worms
  5 nagas (Lair:3)
  4 acid dragons
  11 water moccasins
  Duvessa (D:5)
  4 hell hounds
  37 orc warriors
  A sky beast (D:8)
  2 ice beasts (D:6)
  Pargi (Sewer)
  2 black bears
  8 wolves
  9 centaurs
  16 ogres
  A lemure (D:8)
  4 phantoms
  12 kobold brigands
  10 bullfrogs
  Blork the orc (D:4)
  3 necrophages (D:5)
  5 scorpions
  17 wights
  Dowan (D:5)
  14 killer bees
  4 howler monkeys
  A vampire bat (Lair:2)
  An electric eel (Lair:3)
  2 hounds
  33 orc priests
  3 jellies
  3 gnoll boudas
  Ijyb (D:3)
  24 orc wizards
  3 iguanas
  3 hell rats (Lair:4)
  13 gnolls
  7 adders
  2 shadow imps (D:9)
  3 white imps
  2 dart slugs
  95 orcs
  5 endoplasms
  6 giant cockroaches
  10 goblins
  9 hobgoblins
  3 jackals (D:3)
  9 quokkas
  6 ball pythons
  12 bats
  12 frilled lizards
  43 kobolds
  6 kobold skeletons (D:9)
  12 kobold zombies (D:9)
  6 rats
  A butterfly (Lair:4)
762 creatures vanquished.

Vanquished Creatures (collateral kills)
  A goliath frog (Swamp:1)
  A spriggan druid (Swamp:1)
  A hornet (Swamp:1)
  A spriggan (Swamp:1)
4 creatures vanquished.

Vanquished Creatures (others)
  2 elephants
  A bloated husk (Swamp:1)
  A vampire mosquito (Swamp:1)
  A bush (Lair:3)
  8 foxfires (Swamp:1)
  24 fungi
  32 plants
69 creatures vanquished.

Grand Total: 835 creatures vanquished

Notes
Turn   | Place    | Note
-------+----------+-------------------------------------------
     0 | D:1      | 2tc the Hill Orc Monk began the quest for the Orb.
     0 | D:1      | Reached XP level 1. HP: 19/19 MP: 1/1
   282 | D:1      | Reached XP level 2. HP: 26/26 MP: 2/2
   504 | D:1      | Reached skill level 5 in Axes
   642 | D:1      | Reached XP level 3. HP: 16/31 MP: 3/3
   979 | D:1      | Found a faded altar of an unknown god.
   983 | D:1      | Prayed at the altar of an unknown god.
   983 | D:1      | Became a worshipper of Qazlal Stormbringer
   983 | D:1      | Reached * piety under Qazlal
   983 | D:1      | Reached ** piety under Qazlal
  1205 | D:2      | Reached *** piety under Qazlal
  1728 | D:3      | Reached XP level 4. HP: 32/39 MP: 4/4
  1823 | D:3      | Identified the +1 pair of gloves of Defiance {rElec Int+4}
  2362 | D:3      | Found a glowing drain.
  2382 | Sewer    | Entered a sewer
  2441 | Sewer    | Noticed Pargi
  2463 | Sewer    | Killed Pargi
  2464 | Sewer    | Reached XP level 5. HP: 19/45 MP: 5/5
  2718 | Sewer    | Reached **** piety under Qazlal
  2879 | D:3      | Identified the +0 leather armour "Tiruty" {Harm rN+}
  3206 | D:4      | Noticed Ijyb
  3208 | D:4      | Noticed a centaur
  3214 | D:3      | Killed Ijyb
  3265 | D:4      | Reached XP level 6. HP: 39/51 MP: 6/6
  3310 | D:4      | Reached skill level 10 in Axes
  3310 | D:4      | Reached XP level 7. HP: 52/57 MP: 7/7
  3333 | D:4      | Noticed Grinder
  3353 | D:4      | Killed Grinder
  3416 | D:4      | Noticed Blork the orc
  3424 | D:4      | Killed Blork the orc
  3504 | D:4      | Identified the +7 hammer "Goafeyb" {vorpal, *Noise Fly rF++
                  | rCorr}
  3511 | D:4      | Found a runed translucent door.
  3512 | D:4      | Noticed Crazy Yiuf
  3714 | D:4      | Found Ateiduz's Antique Weapon Shoppe.
  4016 | D:5      | Entered Level 5 of the Dungeon
  4024 | D:5      | Found a stormy altar of Qazlal.
  4106 | D:5      | Reached XP level 8. HP: 62/64 MP: 8/8
  4255 | D:5      | Noticed Dowan
  4275 | D:5      | Killed Dowan
  4596 | D:5      | Noticed Duvessa
  4624 | D:5      | Killed Duvessa
  4625 | D:5      | Reached skill level 5 in Invocations
  4625 | D:5      | Reached XP level 9. HP: 44/70 MP: 8/12
  5134 | D:6      | Found a staircase to the Ecumenical Temple.
  5647 | D:6      | Found Fois's Distillery.
  5655 | D:6      | Bought a potion of flight for 36 gold pieces
  5893 | D:7      | Reached skill level 10 in Invocations
  5909 | D:7      | Reached skill level 5 in Fighting
  6015 | D:7      | Reached XP level 10. HP: 77/90 MP: 13/17
  6270 | D:7      | Reached skill level 10 in Fighting
  6310 | D:7      | Reached skill level 1 in Armour
  6424 | D:8      | Noticed Psyche
  6433 | D:8      | Killed Psyche
  6476 | D:8      | Noticed Pikel
  6489 | D:8      | Killed Pikel
  6490 | D:8      | Reached skill level 5 in Armour
  6490 | D:8      | Reached skill level 1 in Shields
  6644 | D:8      | Noticed Prince Ribbit
  6656 | D:8      | Killed Prince Ribbit
  6691 | D:8      | Reached skill level 5 in Shields
  6944 | D:8      | Reached skill level 1 in Evocations
  7407 | D:8      | Found a staircase to the Lair.
  7836 | D:9      | Noticed a manticore
  7847 | D:9      | Killed a manticore
  7848 | D:9      | Reached XP level 11. HP: 93/99 MP: 18/18
  7985 | D:9      | Reached skill level 5 in Evocations
  8196 | D:9      | Reached ***** piety under Qazlal
  8353 | D:9      | Identified the +2 pair of gloves of Vitosab {rN+ Str+4
                  | Dex-2}
  8546 | D:9      | Found Akhlovyle's Vocational Training.
  8781 | D:9      | Found an ancient bone altar of Kikubaaqudgha.
  9047 | D:10     | Entered Level 10 of the Dungeon
  9261 | D:10     | Identified the +4 war axe "Nacaisysm" {spect, Fly Str+4
                  | Int-2}
  9652 | D:10     | Found a shimmering altar of Xom.
  9771 | D:11     | Noticed a five-headed hydra
  9785 | D:11     | Killed a five-headed hydra
  9789 | D:11     | Noticed a boulder beetle
  9805 | D:11     | Killed a boulder beetle
  9853 | D:11     | Noticed a manticore
  9870 | D:11     | Killed a manticore
  9922 | D:11     | Reached skill level 15 in Axes
 10008 | D:11     | Noticed a manticore
 10029 | D:11     | Killed a manticore
 10030 | D:11     | Reached XP level 12. HP: 97/115 MP: 19/19
 10091 | D:11     | Noticed a boulder beetle
 10107 | D:11     | Killed a boulder beetle
 10218 | D:11     | You are sucked into a shaft and drop 1 floor!
 10236 | D:12     | Noticed a four-headed hydra
 10250 | D:12     | Killed a four-headed hydra
 10446 | D:12     | Found a staircase to the Orcish Mines.
 10533 | D:12     | Noticed a two-headed ogre
 10540 | D:12     | Killed a two-headed ogre
 10543 | D:12     | Noticed a centaur warrior
 10618 | D:12     | Killed a centaur warrior
 10904 | D:12     | Noticed a six-headed hydra
 10914 | D:12     | Killed a six-headed hydra
 11337 | D:11     | Found a portal to a secret trove of treasure.
 11927 | Lair:1   | Entered Level 1 of the Lair of Beasts
 12086 | Lair:1   | Reached XP level 13. HP: 124/124 MP: 22/22
 12776 | Lair:2   | Found the +4 robe of Folly {Brilliance Will-∞ Int+8}
 12979 | Lair:2   | Reached ****** piety under Qazlal
 13773 | Lair:3   | Reached skill level 15 in Invocations
 14197 | Lair:3   | Reached skill level 10 in Shields
 14220 | Lair:3   | Identified the +5 ring mail "Wageth" {rF+ Dex+2}
 14271 | Lair:3   | Noticed Fannar
 14281 | Lair:3   | Found a staircase to the Snake Pit.
 14372 | Lair:3   | Killed Fannar
 14373 | Lair:3   | Reached skill level 15 in Fighting
 14553 | Lair:3   | Found a staircase to the Swamp.
 15095 | Lair:4   | Noticed Voker57's ghost (journeyman DsGl)
 15095 | Lair:4   | Found a large runed translucent door.
 15095 | Lair:4   | Found a large runed translucent door.
 15132 | Lair:4   | Killed Voker57's ghost
 15137 | Lair:4   | Identified the +1 scale mail of Hoowk {rN+}
 15295 | Lair:4   | Reached XP level 14. HP: 123/135 MP: 25/25
 15342 | Lair:4   | Found a staircase to the Slime Pits.
 15344 | Lair:4   | Found a viscous altar of Jiyva.
 15479 | Lair:4   | Reached skill level 10 in Evocations
 15711 | Lair:4   | Found a dark tunnel.
 15718 | Volcano  | Entered a volcano
 15753 | Volcano  | Reached skill level 5 in Dodging
 16249 | Lair:4   | Found a glowing silver altar of Zin.
 16446 | Lair:5   | Entered Level 5 of the Lair of Beasts
 16739 | Orc:1    | Entered Level 1 of the Orcish Mines
 16865 | Orc:1    | Found a runed translucent gate.
 16875 | Orc:1    | Found a roughly hewn altar of Beogh.
 16904 | Orc:1    | Found a runed translucent gate.
 16914 | Orc:1    | Found a runed translucent gate.
 16914 | Orc:1    | Noticed Finitzuc's ghost (journeyman TrCK)
 17145 | Orc:2    | Entered Level 2 of the Orcish Mines
 17228 | Orc:2    | Found a roughly hewn altar of Beogh.
 17369 | Orc:2    | Found Ywoifuocs's Magic Scroll Emporium.
 17374 | Orc:2    | Bought a scroll of brand weapon for 114 gold pieces
 17381 | Orc:2    | Found Disuink's Distillery.
 17608 | Orc:2    | Learned a level 2 spell: Wereblood
 17872 | Orc:2    | Reached skill level 1 in Spellcasting
 17943 | Orc:2    | Reached skill level 1 in Transmutations
 17992 | Orc:2    | Reached XP level 15. HP: 141/141 MP: 22/26
 18093 | Orc:2    | Found a staircase to the Elven Halls.
 18136 | Orc:2    | Noticed Sonja
 18158 | Orc:2    | Killed Sonja
 18210 | Orc:2    | Noticed an orc warlord
 18224 | Orc:2    | Killed an orc warlord
 18452 | Orc:2    | Found a roughly hewn altar of Beogh.
 18470 | Orc:2    | Found Openoho's Jewellery Shoppe.
 18488 | Orc:2    | Bought an amulet of reflection for 420 gold pieces
 18522 | Orc:2    | Found Bykoixt's Jewellery Shop.
 18531 | Orc:2    | Bought the ring of Lies {+Blink rPois Str+6} for 813 gold
                  | pieces
 18979 | Lair:5   | Noticed Rupert
 19086 | Lair:4   | Reached skill level 5 in Transmutations
 19292 | Lair:5   | Noticed Kirke
 19296 | Lair:5   | Killed Kirke
 19298 | Lair:5   | Killed Rupert
 20312 | Lair:5   | Identified the +6 long sword of the Chewing Ancients
                  | {vorpal, *Noise rPois rN+ Stlth+}
 20522 | Swamp:1  | Entered Level 1 of the Swamp
 20595 | Lair:3   | Reached XP level 16. HP: 109/151 MP: 27/27
 20798 | Swamp:1  | HP: 4/121 [spectral fenstrider witch[a ghost crab] (14)]
 20798 | Swamp:1  | Slain by a spectral fenstrider witch

Illustrated notes

Levels and vault maps discovered:
D:1:      minmay_arrival_widening_spiral_wide, layout_rooms,
          basic_ecumenical_altar, chequers_serial_rivers_micro_d
D:2:      layout_loops_cross
D:3:      layout_basic, serial_corexii_hall, chequers_hall_statues_corner_a,
          corexii_hall_statues_i, portal_sewer_entry_f
D:4:      layout_rooms, serial_shops, shop_statue, minmay_pentomino_pile,
          uniq_blork_the_orc, uniq_crazy_yiuf_cottage, uniq_grinder, uniq_ijyb
D:5:      layout_basic, grunt_qazlal_sundering, minmay_misc_feat_hallway,
          st_stairs_14, uniq_duvessa
D:6:      layout_gridville, minmay_temple_entry_steel_oval, serial_shops, shop,
          st_stairs_5, minmay_manual_mandibuliform
D:7:      layout_rooms, hangedman_decor_clover_reticule,
          kennysheep_windowed_goal
D:8:      layout_layer_cave, lair_entry_dummy, kennysheep_pointless_box,
          roderic_roman_lattice, minmay_joined_circles, uniq_psyche,
          uniq_prince_ribbit1, uniq_pikel
D:9:      wander_kiku_kobolds, layout_basic, hangedman_decor_growths,
          nicolae_shop_vocational
D:10:     layout_rooms, marbit_many_paths, minivault_16
D:11:     layout_cave_pods, nicolae_trove_entry_crossroad,
          minmay_misc_feat_cross
D:12:     layout_grid_maze, david_orc_3
Lair:1:   layout_cellular_growth, serial_bayou_shore_b
Lair:2:   layout_cave_pods, minmay_lair_oklob_bushes, roderic_batcave,
          grunt_forest_stairs_basic, grunt_megastairs_5
Lair:3:   layout_cave_pods, nicolae_swamp_entry_splash_gauntlet,
          minmay_snake_entry_guardpost_medium, uniq_fannar
Lair:4:   layout_hall_layers, minmay_slime_entry_pillars, special_room
          [special_room_mythical_zoo], basic_altar, ebering_ghost_disaster_area,
          enter_volcano_3, lemuel_fruit_fields
Lair:5:   grunt_lair_end_beastmaster, layout_gridlike, uniq_rupert, uniq_kirke
Swamp:1:  nicolae_swamp_ascending_descending, layout_falls_marsh,
          nicolae_swamp_well_well_well
Orc:1:    layout_diamond_mine, ebering_ghost_rock_garden, basic_altar
Orc:2:    pubby_orc_utopia, uniq_sonja

Skill      XL: |  1  2  3  4  5  6  7  8  9 10 11 12 13 14 15 |
---------------+----------------------------------------------+-----
Axes           | 5 6 8 9 10 11 14 15 16 | 16.0
Invocations    | 5 10 12 15 | 15.0
Fighting       | 8 10 13 14 15 16 | 16.5
Armour         | 5 9 |  9.0
Shields        | 6 8 10 12 | 12.0
Evocations     | 3 5 8 10 | 10.0
Dodging        | 6 |  6.0
Spellcasting   | 1 2 |  2.0
Transmutations | 1 7 |  7.7
Stealth        | |  1.5

Action                   |  1- 3 |  4- 6 |  7- 9 | 10-12 | 13-15 | 16-18 || total
-------------------------+-------+-------+-------+-------+-------+-------++-------
Melee: Hand axe          |   127 |   144 |   441 |   769 |       |       ||  1481
       Punch             |     1 |     1 |     4 |    15 |       |       ||    21
       Mace              |       |       |       |    29 |    28 |     3 ||    60
       War axe           |       |       |       |    86 |   751 |    10 ||   847
Throw: Dart              |     1 |       |    16 |     5 |     9 |       ||    31
 Cast: Wereblood         |       |       |       |       |     5 |       ||     5
Invok: Upheaval          |       |       |     5 |     5 |    24 |       ||    34
       Disaster Area     |       |       |       |       |     1 |       ||     1
Evoke: Wand              |       |       |     3 |    14 |    31 |     2 ||    50
  Use: Scroll            |     5 |     7 |     9 |     9 |     8 |     1 ||    39
       Potion            |       |     1 |     1 |     1 |     5 |     1 ||     9
 Stab: Sleeping          |     1 |       |       |       |       |       ||     1
       Distracted        |       |       |       |       |    12 |       ||    12
       Petrified         |       |       |       |       |    16 |       ||    16
       Petrifying        |       |       |       |       |     4 |       ||     4
Armor: Robe              |     3 |       |       |       |       |       ||     3
       Leather armour    |    23 |    35 |       |       |       |       ||    58
       Troll leather arm |       |    13 |    85 |   248 |   124 |    17 ||   487
Dodge: Dodged            |    80 |    82 |   178 |   380 |   228 |    24 ||   972
       Repelled          |       |     1 |     1 |     5 |    10 |       ||    17
Block: Other             |     7 |    30 |    72 |   116 |       |       ||   225
       Buckler           |       |       |       |   128 |   407 |    39 ||   574
       Reflection        |       |       |       |       |     1 |       ||     1

Table legend: (Time is in decaauts)
 A = Elapsed time spent in this place.
 B = Non-inter-level travel time spent in this place.
 C = Inter-level travel time spent in this place.
 D = Time resting spent in this place.
 E = Time spent auto-exploring this place.
 F = Levels seen in this place.
 G = Mean time per level.
                   A        B        C        D        E       F      G
               +--------+--------+--------+--------+--------+-----+--------+
         Total |  20149 |  18423 |   1726 |   1192 |  13268 |  22 |  915.9 |
       Dungeon |  11297 |  10297 |   1000 |    120 |   8000 |  12 |  941.4 |
          Lair |   6100 |   5450 |    650 |    827 |   3630 |   5 | 1220.0 |
         Swamp |     35 |     35 |      0 |      0 |      0 |   1 |   35.0 |
  Orcish Mines |   1923 |   1848 |     75 |     48 |   1293 |   2 |  961.5 |
         Sewer |    434 |    434 |      0 |    196 |    123 |   1 |  434.0 |
       Volcano |    357 |    357 |      0 |      0 |    222 |   1 |  357.0 |
               +--------+--------+--------+--------+--------+-----+--------+

Top non-repeatable levels by time:
     D:8: 1497 daAuts
  Lair:3: 1487 daAuts
   Orc:2: 1479 daAuts
  Lair:4: 1394 daAuts
  Lair:2: 1228 daAuts
     D:9: 1177 daAuts
     D:3: 1135 daAuts
    D:11: 1096 daAuts
  Lair:5: 1079 daAuts
     D:1: 1016 daAuts
    D:12: 1010 daAuts
     D:5: 992 daAuts
  Lair:1: 910 daAuts
     D:4: 757 daAuts
    D:10: 741 daAuts
